 Dungeon Crawl Stone Soup version 0.27-a0-1302-g7736ffe575 (webtiles) character file.

Game seed: 8732358502933236575

595 27snakeeyes612 the Shield-Bearer (level 7, -9/62 HPs)
             Began as a Minotaur Fighter on June 18, 2021.
             Mangled by Pikel (10 damage)
             ... on level 3 of the Dungeon.
             The game lasted 00:02:41 (2542 turns).

27snakeeyes612 the Shield-Bearer (Minotaur Fighter) Turns: 2542, Time: 00:02:41

Health: -9/62      AC:  7    Str: 22    XL:     7   Next: 16%
Magic:  6/6        EV:  8    Int:  5    God:
Gold:   171        SH: 10    Dex: 10    Spells: 6/6 levels left

rFire    . . .     SeeInvis .   a - +0 war axe
rCold    . . .     Faith    .   c - +0 kite shield
rNeg     . . .     Spirit   .   b - +0 scale mail
rPois    .         Reflect  .   (helmet restricted)
rElec    .         Harm     .   (no cloak)
rCorr    .         Rampage  .   (no gloves)
Will     +....                  (no boots)
Stlth    ..........             p - amulet of magic regeneration
HPRegen  0.20/turn              k - ring of willpower
MPRegen  0.35/turn              (no ring)

@: no status effects
A: horns 2, retaliatory headbutt
a: no special abilities


You were on level 3 of the Dungeon.
You visited 1 branch of the dungeon, and saw 4 of its levels.

You collected 171 gold pieces.

Inventory:

Hand Weapons
 a - a +0 war axe (weapon)
 o - a +2 flail of protection
Armour
 b - a +0 scale mail (worn)
 c - a +0 kite shield (worn)
Jewellery
 k - a ring of willpower (left hand)
 p - an amulet of magic regeneration (around neck)
Scrolls
 e - a scroll of acquirement {unknown}
 g - a scroll of immolation {unknown}
 h - a scroll of vulnerability {unknown}
 j - a scroll of identify {unknown}
 l - a scroll of teleportation {unknown}
 m - a scroll of brand weapon {unknown}
Potions
 f - 2 potions of degeneration {unknown}
 i - 2 potions of haste {unknown}
 n - 2 potions of heal wounds {unknown}
 q - a potion of brilliance {unknown}
 r - a potion of attraction {unknown}
 s - a potion of curing {unknown}


   Skills:
 + Level 5.8 Fighting
 + Level 5.0 Axes
 + Level 5.8 Armour
 + Level 6.1 Shields


You had 6 spell levels left.
You didn't know any spells.
Your spell library contained the following spells:

 Spells                   Type           Power      Damage    Failure   Level
 Beastly Appendage        Tmut           0%         N/A       99%         1
 Wereblood                Tmut           0%         N/A       99%         2
 Spider Form              Tmut/Pois      0%         N/A       100%        3
 Stone Arrow              Conj/Erth      0%         3d7       100%        3
 Ice Form                 Ice/Tmut       0%         N/A       100%        4
 Iskenderun's Mystic Bla  Conj/Tloc      0%         2d3       100%        4
 Sticky Flame             Conj/Fire      0%         2d3       100%        4
 Spellforged Servitor     Conj/Summ      0%         N/A       100%        7


Dungeon Overview and Level Annotations

Branches:
Dungeon (4/15)
 Temple: D:4-7

Altars:

Shops:
D:1 *

Annotations:
D:3 Pikel


Innate Abilities, Weirdness & Mutations

You have a pair of horns on your head.
You reflexively headbutt those who attack you in melee.


Message History

You furiously retaliate!
You headbutt Pikel, but do no damage. The lemure barely misses you.
You block the lemure's attack.
You climb upwards.
There is a stone staircase leading down here.
You hit Pikel. Your headbutt misses Pikel.
Pikel is lightly wounded.
You barely miss the lemure. You hit the lemure.
You hit the lemure but do no damage. The lemure barely misses you.
You furiously retaliate!
You headbutt the lemure. You block the lemure's attack.
Pikel hits you with a +2 whip of freezing.
Pikel freezes you. The lemure closely misses you. The lemure hits you.
You block the lemure's attack. You block Pikel's attack.
You hit Pikel but do no damage. You headbutt Pikel, but do no damage.
Pikel is lightly wounded.
You closely miss the lemure. You hit the lemure but do no damage.
You closely miss the lemure. The lemure hits you. The lemure hits you!
The lemure hits you. Pikel hits you but does no damage.
Your shield prevents you from hitting Pikel.
Pikel is lightly wounded.
You barely miss the lemure. You closely miss the lemure. x2
The lemure hits you. x3
Pikel hits you with a +2 whip of freezing!
* * * LOW HITPOINT WARNING * * *
Pikel freezes you.
* * * LOW HITPOINT WARNING * * *
You block the lemure's attack. The lemure hits you.
* * * LOW HITPOINT WARNING * * *
The lemure hits you.
* * * LOW HITPOINT WARNING * * *
Pikel hits you with a +2 whip of freezing.
* * * LOW HITPOINT WARNING * * *
Pikel freezes you.
* * * LOW HITPOINT WARNING * * *
You hit Pikel.
Pikel is moderately wounded.
You closely miss the lemure. You barely miss the lemure. You hit the lemure.
You block the lemure's attack. x2; The lemure completely misses you.
Pikel hits you with a +2 whip of freezing!
You die...

######### #.....<.#
#.#####.#
#.#####.#######
##########.##...........
#........#.##.##.#######
#.######K#.##.##.# # #.#
##@5..##.##.# ## #.#
##5#5#.##.##.# #. #.#
#............######. #.#
#..#.#..............
#.###.#...####.#######..
#........## #.# #..
###......# #.# #..
##...#.# #.# #.. ##.##.#
#.# #..


You could see Pikel and 3 lemures.

Vanquished Creatures
  Grinder (D:4)
  An ogre (D:4)
  A necrophage (D:4)
  A scorpion (D:4)
  A howler monkey (D:4)
  A hound (D:4)
  Natasha (D:3)
  A hound skeleton (D:4)
  2 adders
  An adder skeleton (D:4)
  A worm (D:4)
  6 orcs
  5 ball pythons
  A bat (D:3)
  2 endoplasms
  4 giant cockroaches
  3 goblins (D:4)
  A hobgoblin (D:2)
  3 jackals (D:2)
  3 kobolds
  4 frilled lizards
  3 rats (D:2)
47 creatures vanquished.

Notes
Turn   | Place    | Note
-------+----------+-------------------------------------------
     0 | D:1      | 27snakeeyes612 the Minotaur Fighter began the quest for the
                  | Orb.
     0 | D:1      | Reached XP level 1. HP: 19/19 MP: 0/0
    62 | D:1      | Found Qorifiuss's General Store.
   673 | D:2      | Reached XP level 2. HP: 27/27 MP: 1/1
   713 | D:2      | Reached skill level 4 in Shields
  1076 | D:3      | Identified the Grimoire of Attacks
  1130 | D:3      | Reached XP level 3. HP: 33/33 MP: 2/2
  1285 | D:3      | Found a faded altar of an unknown god.
  1871 | D:4      | Noticed a necrophage
  1886 | D:4      | Killed a necrophage
  1887 | D:4      | Reached XP level 4. HP: 35/41 MP: 3/3
  1887 | D:4      | Reached XP level 5. HP: 40/47 MP: 4/4
  1953 | D:4      | Reached skill level 5 in Shields
  1977 | D:4      | Noticed an ogre
  1981 | D:4      | Noticed Grinder
  1986 | D:4      | Killed an ogre
  1987 | D:4      | Reached skill level 5 in Fighting
  1987 | D:4      | Reached skill level 5 in Armour
  1987 | D:4      | Reached XP level 6. HP: 21/56 MP: 5/5
  1996 | D:4      | Killed Grinder
  2011 | D:4      | Reached skill level 6 in Shields
  2011 | D:4      | Reached XP level 7. HP: 14/62 MP: 6/6
  2261 | D:4      | Noticed Pikel
  2282 | D:4      | Noticed Natasha
  2336 | D:3      | Killed Natasha
  2337 | D:3      | Reached skill level 5 in Axes
  2541 | D:3      | HP: 3/62 [Pikel (4)]
  2541 | D:3      | HP: 1/62 [Pikel (2)]
  2542 | D:3      | Mangled by Pikel

Illustrated notes

Levels and vault maps discovered:
D:1:      scummos_arrival_forest, layout_loops_ring, serial_shops, shop,
          nrook_loot_triangle
D:2:      layout_rooms
D:3:      layout_loops_ring, hellmonk_ecumenical_altar_run_dry
D:4:      layout_basic, nrook_mini_vaults, uniq_pikel, uniq_natasha,
          uniq_grinder

Skill      XL: |  1  2  3  4  5  6  7 |
---------------+----------------------+-----
Fighting       | 4 5 |  5.8
Armour         | 4 5 |  5.8
Shields        | 4 5 6 |  6.1
Axes           | 3 4 5 |  5.0

Action                   |  1- 3 |  4- 6 |  7- 9 || total
-------------------------+-------+-------+-------++-------
Melee: War axe           |    66 |    24 |    14 ||   104
       Headbutt          |     8 |     6 |     3 ||    17
  Use: Potion            |       |     1 |       ||     1
Armor: Scale mail        |    27 |     7 |     5 ||    39
Dodge: Dodged            |    24 |     4 |    13 ||    41
Block: Kite shield       |    43 |    17 |    27 ||    87

Table legend: (Time is in decaauts)
 A = Elapsed time spent in this place.
 B = Non-inter-level travel time spent in this place.
 C = Inter-level travel time spent in this place.
 D = Time resting spent in this place.
 E = Time spent auto-exploring this place.
 F = Levels seen in this place.
 G = Mean time per level.
                   A        B        C        D        E       F      G
               +--------+--------+--------+--------+--------+-----+--------+
         Total |   2599 |   2499 |    100 |    385 |   1695 |   4 |  649.8 |
       Dungeon |   2599 |   2499 |    100 |    385 |   1695 |   4 |  649.8 |
               +--------+--------+--------+--------+--------+-----+--------+

Top non-repeatable levels by time:
     D:3: 812 daAuts
     D:4: 710 daAuts
     D:1: 672 daAuts
     D:2: 404 daAuts
